 Dungeon Sprint DCSS version 0.20-a0-81-g6e69d53 (webtiles) character file.

6042 packetloss the Severer (level 10, 0/86 HPs)
             Began as a Demonspawn Berserker on Nov 21, 2016.
             Was the Champion of Trog.
             Engulfed by a fire crab's flame (5 damage)
             ... in the Dungeon (Sprint VII: "The Pits").
             The game lasted 00:11:56 (1577 turns).

packetloss the Severer (Demonspawn Berserker)       Turns: 1577, Time: 00:11:57

Health: 0/86       AC: 22    Str: 20    XL:     10   Next: 57%
Magic:  3/3        EV: 14    Int:  9    God:    Trog [******]
Gold:   0          SH:  0    Dex: 20    Spells: 0 memorised, 9 levels left

rFire  . . .     SeeInvis .     a - +7 battleaxe (antimagic)
rCold  . . .     Gourm    .     y - +4 chain mail
rNeg   . . .     Faith    .     (shield currently unavailable)
rPois  .         Spirit   .     v - +0 helmet
rElec  .         Reflect  .     (no cloak)
rCorr  .         Harm     .     x - +0 pair of gloves
MR     +....     NoTele   +     w - +0 pair of boots
Stlth  ..........               (no amulet)
                                k - +3 ring of protection
                                u - +3 ring of dexterity

@: exhausted, vulnerable, regenerating
A: claws 1, thin skeletal structure 2, powered by death 3
a: Berserk, Trog's Hand, Brothers in Arms, Burn Spellbooks, Renounce Religion


You were in the Dungeon.
You worshipped Trog.
Trog was exalted by your worship.
You were not hungry.

You visited 1 branch

Inventory:

Hand Weapons
 a - a +7 antimagic battleaxe (weapon)
   (Trog gifted it to you in the Dungeon)
 q - a +6 antimagic executioner's axe
   (Trog gifted it to you in the Dungeon)
Missiles
 j - 8 needles of sleeping
Armour
 v - a +0 helmet (worn)
   (You found it in the Dungeon)
 w - a +0 pair of boots (worn)
   (You found it in the Dungeon)
 x - a +0 pair of gloves (worn)
   (You found it in the Dungeon)
 y - a +4 chain mail (worn)
   (You found it in the Dungeon)
Jewellery
 k - a +3 ring of protection (right hand)
   (You found it in the Dungeon)
 u - a +3 ring of dexterity (left hand)
   (You found it in the Dungeon)
Scrolls
 i - a scroll of blinking {!r}
 m - 3 scrolls of remove curse
 n - a scroll of summoning
Potions
 d - 8 potions of curing
 e - 12 potions of heal wounds
 f - 3 potions of haste
 g - 4 potions of magic
 h - 3 potions of berserk rage {!q}
 l - 2 potions of invisibility
 s - 2 potions of resistance
 t - a potion of brilliance
Comestibles
 b - 6 chunks of flesh {@w0}
 c - 8 bread rations {@e1}
 o - 37 fruits
 p - 7 meat rations {@e2}


   Skills:
 + Level 10.6 Fighting
 * Level 16.4 Axes
 + Level 9.5 Armour
 + Level 9.6 Dodging


You had 9 spell levels left.
You didn't know any spells.

Dungeon Overview and Level Annotations

Branches:
Dungeon (1/1)

Altars:
Ashenzari
Cheibriados
Dithmenos
Elyvilon
Fedhas
Gozag
Hepliaklqana
Kikubaaqudgha
Makhleb
Nemelex Xobeh
Okawaru
Qazlal
Ru
Sif Muna
Trog
Uskayaw
Vehumet
Xom
Yredelemnul
Zin
The Shining One
Beogh
Jiyva
Lugonu


Innate Abilities, Weirdness & Mutations

You have sharp fingernails.
You have a moderately thin skeletal structure. (Dex +4, Stealth+)
You regenerate a lot of health from kills.


Message History

The eye of devastation turns its gaze towards you.
The phantasmal warrior blinks!
There is an open door here.
Spoiler Alert: The phantasmal warrior can bypass armour and shields, and lowers MR!
You hit the eye of devastation.
The eye of devastation's magic leaks into the air.
Your skin stops crawling.
You feel less resistant to hostile enchantments.
The phantasmal warrior blinks!
Unknown command.
Spoiler Alert: The phantasmal warrior can bypass armour and shields, and lowers MR!
You slice the eye of devastation!!
The eye of devastation's magic leaks into the air.
You hit the phantasmal warrior.
The phantasmal warrior's magic leaks into the air.
Unknown command.
Unknown command.
Spoiler Alert: The phantasmal warrior can bypass armour and shields, and lowers MR!
You slash the eye of devastation!
The eye of devastation's magic leaks into the air.
You hit the phantasmal warrior.
The phantasmal warrior's magic leaks into the air.
The phantasmal warrior hits you!!
Your magical defenses are stripped away!
Spoiler Alert: The phantasmal warrior can bypass armour and shields, and lowers MR!
You take 20 damage, and have 65/85 hp.
MASSIVE DAMAGE!!
You hit the eye of devastation.
The eye of devastation's magic leaks into the air.
You closely miss the phantasmal warrior.
The phantasmal warrior completely misses you.
Spoiler Alert: The phantasmal warrior can bypass armour and shields, and lowers MR!
Unknown command.
Unknown command.
You hit the eye of devastation.
The eye of devastation's magic leaks into the air.
You hit the phantasmal warrior.
The phantasmal warrior's magic leaks into the air.
The phantasmal warrior hits you!
Spoiler Alert: The phantasmal warrior can bypass armour and shields, and lowers MR!
You take 7 damage, and have 59/85 hp.
Unknown command.
You slash the eye of devastation!
You kill the eye of devastation!
Trog accepts your kill.
You slash the phantasmal warrior!
The phantasmal warrior's magic leaks into the air.
You slash the fire crab!
The phantasmal warrior hits you but does no damage.
The fire crab barely misses you. x2
Spoiler Alert: The phantasmal warrior can bypass armour and shields, and lowers MR!
You regained 3 hp, and now have 62/86 hp.
Unknown command.
You slash the phantasmal warrior!
The phantasmal warrior's magic leaks into the air.
You slice the fire crab!!
The fire crab bites you but does no damage.
The fire crab closely misses you. The phantasmal warrior hits you!!
Spoiler Alert: The phantasmal warrior can bypass armour and shields, and lowers MR!
You take 16 damage, and have 46/86 hp.
You hit the fire crab but do no damage. You slash the phantasmal warrior!
The phantasmal warrior's magic leaks into the air.
The phantasmal warrior hits you but does no damage.
The fire crab misses you.
The fire crab claws you but does no damage.
Spoiler Alert: The phantasmal warrior can bypass armour and shields, and lowers MR!
You regained 2 hp, and now have 48/86 hp.
You slash the fire crab! You slash the phantasmal warrior!
You destroy the phantasmal warrior!
Trog accepts your kill. Something appears at your feet! Trog grants you a gift!
The fire crab bites you.
You are engulfed in flames!
The fire crab claws you but does no damage.
You take 12 damage, and have 36/86 hp.
Unknown command.
Your chain mail prevents you from hitting the fire crab.
The fire crab breathes flames at you. The blast of flame engulfs you!
You regained 2 hp, and now have 38/86 hp.
Unknown command.
You hit the fire crab but do no damage.
You are engulfed in roaring flames.
* * * LOW HITPOINT WARNING * * *
You take 26 damage, and have 12/86 hp.
MASSIVE DAMAGE!!
Unknown command.
Unknown command.
Your chain mail prevents you from hitting the fire crab.
You are engulfed in roaring flames.
* * * LOW HITPOINT WARNING * * *
The fire crab breathes flames at you. The blast of flame engulfs you!
* * * LOW HITPOINT WARNING * * *
You take 7 damage, and have 5/86 hp.
Unknown command.
Unknown command.
Your skin crawls.
You feel resistant to hostile enchantments.
You feel quite a bit more hungry.
You are engulfed in roaring flames.
You die...

# ########
###..+...#
##..##..§###
#.^###..§@§#
....##..§#t.#
##†..##'##§§.#
.##..#...#...#
..+..+...+...+
.##..#.†.#...#
##...##)##...#
....##÷)÷#..##


You could see a fire crab.

Vanquished Creatures
  An unseen horror (D)
  A flayed ghost (D)
  A phantasmal warrior (D)
  A cyclops (D)
  An eye of devastation (D)
  2 molten gargoyles (D)
  A rime drake (D)
  A jumping spider (D)
  A wind drake (D)
  A tyrant leech (D)
  A hippogriff (D)
  A spriggan (D)
  A flying skull (D)
  A basilisk (D)
  A shadow (D)
  A hungry ghost (D)
  A sky beast (D)
  2 phantoms (D)
  5 wolves (D)
  A crocodile (D)
  A big kobold (D)
  An earth elemental (D)
  6 killer bees (D)
  3 wights (D)
  A quasit (D)
  A hound (D)
  An orc priest (D)
  A worker ant (D)
  2 gnolls (D)
  2 river rats (D)
  An ufetubus (D)
  2 oozes (D)
  An adder skeleton (D)
  A leopard gecko (D)
  2 orcs (D)
  A bat skeleton (D)
  A giant cockroach (D)
  A goblin (D)
  4 jackals (D)
  A quokka (D)
  A bat (D)
  A frilled lizard (D)
  A kobold (D)
63 creatures vanquished.

Vanquished Creatures (others)
  A tyrant leech (D)
1 creature vanquished.

Grand Total: 64 creatures vanquished

Notes
Turn   | Place    | Note
-------+----------+-------------------------------------------
     0 | D        | packetloss the Demonspawn Berserker began the quest for the Orb.
     0 | D        | Reached XP level 1. HP: 18/18 MP: 1/1
    18 | D        | Reached skill level 3 in Axes
    18 | D        | Reached skill level 2 in Armour
    18 | D        | Reached skill level 2 in Dodging
    18 | D        | Gained mutation: You regenerate a little health from kills. [demonic ancestry]
    18 | D        | Reached XP level 2. HP: 13/24 MP: 2/2
    52 | D        | Found a radiant altar of Vehumet.
    52 | D        | Found a hide-covered altar of Uskayaw.
    52 | D        | Found an ancient bone altar of Kikubaaqudgha.
    52 | D        | Found a viscous altar of Jiyva.
    52 | D        | Found a hazy altar of Hepliaklqana.
    53 | D        | Found a bloodstained altar of Trog.
    53 | D        | Found a deep blue altar of Sif Muna.
    53 | D        | Found a sacrificial altar of Ru.
    53 | D        | Found a stormy altar of Qazlal.
    53 | D        | Found an iron altar of Okawaru.
    53 | D        | Found a sparkling altar of Nemelex Xobeh.
    53 | D        | Found an opulent altar of Gozag.
    53 | D        | Found a blossoming altar of Fedhas.
    53 | D        | Found a white marble altar of Elyvilon.
    53 | D        | Found a shadowy altar of Dithmenos.
    53 | D        | Found a snail-covered altar of Cheibriados.
    54 | D        | Found a burning altar of Makhleb.
    54 | D        | Found a glowing golden altar of the Shining One.
    54 | D        | Found a glowing silver altar of Zin.
    54 | D        | Found a basalt altar of Yredelemnul.
    54 | D        | Found a roughly hewn altar of Beogh.
    55 | D        | Found a corrupted altar of Lugonu.
    55 | D        | Found a shimmering altar of Xom.
    55 | D        | Found a shattered altar of Ashenzari.
   195 | D        | HP: 5/36 [river rat (7)]
   196 | D        | Reached skill level 4 in Axes
   197 | D        | Reached ** piety under Trog
   306 | D        | Killed a tyrant leech
   466 | D        | HP: 4/25 [river rat (8)]
   470 | D        | Reached skill level 4 in Fighting
   470 | D        | Reached skill level 3 in Armour
   470 | D        | Reached skill level 3 in Dodging
   470 | D        | Reached XP level 3. HP: 7/30 MP: 3/3
   704 | D        | Reached *** piety under Trog
   809 | D        | Noticed a phantom
   832 | D        | Reached skill level 5 in Axes
   832 | D        | Reached skill level 4 in Dodging
   832 | D        | Reached XP level 4. HP: 38/38 MP: 4/4
   835 | D        | Reached **** piety under Trog
   838 | D        | Reached skill level 5 in Fighting
   838 | D        | Reached skill level 6 in Axes
   838 | D        | Reached skill level 4 in Armour
   853 | D        | Reached XP level 5. HP: 36/44 MP: 5/5
   854 | D        | Reached ***** piety under Trog
   867 | D        | Reached skill level 7 in Axes
   867 | D        | Reached skill level 5 in Armour
   867 | D        | Reached skill level 5 in Dodging
   873 | D        | Reached skill level 6 in Fighting
   879 | D        | Killed a phantom
   879 | D        | Received a gift from Trog
   879 | D        | Gained mutation: You have a somewhat thin skeletal structure. (Dex +2, Stealth) [demonic ancestry]
   879 | D        | Reached XP level 6. HP: 53/53 MP: 6/6
   892 | D        | Noticed a hungry ghost
   935 | D        | Killed a hungry ghost
   935 | D        | Reached skill level 9 in Axes
   977 | D        | Noticed a flying skull
   990 | D        | Killed a flying skull
   990 | D        | Reached skill level 11 in Axes
   990 | D        | Gained mutation: You regenerate health from kills. [demonic ancestry]
   990 | D        | Reached XP level 7. HP: 47/59 MP: 7/7
  1021 | D        | Killed an unseen horror
  1021 | D        | Reached skill level 13 in Axes
  1021 | D        | Gained mutation: You regenerate a lot of health from kills. [demonic ancestry]
  1021 | D        | Reached XP level 8. HP: 49/65 MP: 8/8
  1061 | D        | Noticed a wind drake
  1074 | D        | Killed a wind drake
  1074 | D        | Received a gift from Trog
  1074 | D        | Reached skill level 7 in Fighting
  1074 | D        | Reached skill level 6 in Armour
  1074 | D        | Reached skill level 6 in Dodging
  1207 | D        | Reached skill level 14 in Axes
  1208 | D        | Received a gift from Trog
  1236 | D        | Reached skill level 7 in Dodging
  1236 | D        | Gained mutation: You have sharp fingernails. [demonic ancestry]
  1236 | D        | Reached XP level 9. HP: 72/74 MP: 3/9
  1247 | D        | Reached skill level 8 in Fighting
  1343 | D        | Reached skill level 7 in Armour
  1363 | D        | Noticed a rime drake
  1371 | D        | Received a gift from Trog
  1371 | D        | Killed a rime drake
  1381 | D        | Noticed a cyclops
  1381 | D        | Noticed a jumping spider
  1388 | D        | Killed a cyclops
  1388 | D        | Reached skill level 9 in Fighting
  1388 | D        | Reached skill level 15 in Axes
  1388 | D        | Reached skill level 8 in Dodging
  1406 | D        | Killed a jumping spider
  1406 | D        | Reached skill level 8 in Armour
  1428 | D        | Noticed a flayed ghost
  1435 | D        | Killed a flayed ghost
  1435 | D        | Gained mutation: You have a moderately thin skeletal structure. (Dex +4, Stealth+) [demonic ancestry]
  1435 | D        | Reached XP level 10. HP: 83/83 MP: 3/10
  1455 | D        | Noticed a molten gargoyle
  1461 | D        | Killed a molten gargoyle
  1463 | D        | Reached ****** piety under Trog
  1514 | D        | Noticed a molten gargoyle
  1517 | D        | Reached skill level 10 in Fighting
  1520 | D        | Killed a molten gargoyle
  1520 | D        | Reached skill level 16 in Axes
  1520 | D        | Reached skill level 9 in Armour
  1520 | D        | Reached skill level 9 in Dodging
  1521 | D        | Received a gift from Trog
  1559 | D        | Received a gift from Trog
  1564 | D        | Noticed an eye of devastation
  1564 | D        | Noticed a phantasmal warrior
  1564 | D        | Noticed a fire crab
  1570 | D        | Killed an eye of devastation
  1573 | D        | Killed a phantasmal warrior
  1573 | D        | Received a gift from Trog
  1575 | D        | HP: 10/86 [fire crab] (28)]
  1577 | D        | Engulfed by a fire crab's flame

Vault maps used:
D:        pitsprint

Skill      XL: |  1  2  3  4  5  6  7  8  9 10 |
---------------+-------------------------------+-----
Axes           | 3 4 5 6 7 11 13 14 15 16 | 16.4
Armour         | 2 3 4 5 6 8 9 |  9.5
Dodging        | 2 3 4 5 7 8 9 |  9.6
Fighting       | 4 5 6 7 9 10 | 10.6

Action                   |  1- 3 |  4- 6 |  7- 9 | 10-12 || total
-------------------------+-------+-------+-------+-------++-------
Melee: Hand axe          |    37 |    43 |       |       ||    80
       War axe           |       |    35 |    45 |       ||    80
       Battleaxe         |       |       |    54 |    40 ||    94
Invok: Berserk           |     4 |     1 |       |     2 ||     7
       Trog's Hand       |       |     2 |     7 |     4 ||    13
 Stab: Sleeping          |     2 |       |       |       ||     2
  Eat: Chunk             |     3 |    11 |     4 |     4 ||    22
       Fruit             |       |     3 |       |       ||     3
Armor: Animal skin       |     2 |       |       |       ||     2
       Chain mail        |     1 |    52 |   138 |    18 ||   209
Dodge: Dodged            |    36 |    35 |    77 |    19 ||   167

Vault maps used:
D:        pitsprint

Table legend:
 A = Turns spent in this place as a percentage of turns spent in the entire game.
 B = Non-inter-level travel turns spent in this place as a percentage of non-inter-level travel turns spent in the entire game.
 C = Inter-level travel turns spent in this place as a percentage of turns spent in this place.
 D = Turns resting spent in this place as a percentage of non-inter-level travel turns spent in this place.
 E = Turns spent auto-exploring this place as a percentage of non-inter-level travel turns spent in this place.
 F = Non-inter-level travel turns spent in this place divided by the number of levels of this place that you've seen.
                   A       B       C       D       E      F
               +-------+-------+-------+-------+-------+----------------------
         Total | 100.0 | 100.0 |   0.1 |   3.3 |   0.0 | 971.0
       Dungeon | 100.0 | 100.0 |   0.1 |   3.3 |   0.0 | 971.0
               +-------+-------+-------+-------+-------+----------------------

Table legend:
 A = Kills in this place as a percentage of kills in entire the game.
 B = Kills by you in this place as a percentage of kills by you in the entire game.
 C = Kills by friends in this place as a percentage of kills by friends in the entire game.
 D = Other kills in this place as a percentage of other kills in the entire game.
 E = Experience gained in this place as a percentage of experience gained in the entire game.
 F = Experience gained in this place divided by the number of levels of this place that you have seen.
                   A       B       C       D       E      F
               +-------+-------+-------+-------+-------+----------------------
         Total | 100.0 | 100.0 |  -nan |  -nan | 100.0 | 8632.0
       Dungeon | 100.0 | 100.0 |  -nan |  -nan | 100.0 | 8632.0
               +-------+-------+-------+-------+-------+----------------------
